AoeStats
← Roman

Runestones

507763829Analyzed
1v1 RM · 14d ago on Sep 19, 2026· 39m 37s· 2 players
Game mode
Random Map
Map size
Tiny (2 player)
Population
200
Speed
Normal
Resources
Standard
Victory
Conquest
Starting age
Dark Age
Ending age
Imperial Age
RankedLock teamsTeams togetherTeam positionsShared explorationLock speedFull tech treeHidden civsTurbo modeCheats
Victory
Defeat
🇬🇧 Franks · United Kingdom
1339
+17
🇨🇱 Romans · Chile
1360
-17
Gerodrick
6:05 Loom
9:03 Feudal Age
11:30 Double-Bit Axe
18:25 Wheelbarrow
21:45 Castle Age
20:28 Scale Barding Armor
20:58 Forging
21:06 Gold Mining
22:56 Chain Barding Armor
22:41 Husbandry
23:17 Bow Saw
29:18 Fletching
29:56 Bodkin Arrow
31:19 Hand Cart
32:08 Gold Shaft Mining
36:38 Imperial Age
34:22 Scale Mail Armor
35:03 Iron Casting
40:02 Plate Barding Armor
39:12 Cavalier
Roman
6:44 Loom
9:26 Feudal Age
9:54 Man-at-Arms
11:58 Scale Mail Armor
15:40 Double-Bit Axe
21:07 Castle Age
20:05 Bloodlines
20:03 Scale Barding Armor
20:06 Double-Bit Axe
21:00 Horse Collar
22:21 Forging
22:46 Pikeman
26:45 Chain Mail Armor
28:41 Squires
30:14 Iron Casting
31:05 Wheelbarrow
35:47 Husbandry
36:14 Chain Barding Armor
36:28 Hand Cart
40:13 Imperial Age
37:41 Fletching
38:25 Town Watch
Connection lost

Rejoining the realm…

Still unreachable

The connection could not be restored.

Session expired

The server has moved on; the page needs a fresh start.